 Dungeon Crawl Stone Soup version 0.28.0 (webtiles) character file.

Game seed: 3611926434050076422

642 Deca the Skirmisher (level 7, -1/58 HPs)
             Began as a Palentonga Fighter on Feb 13, 2022.
             Was a Follower of Zin.
             Slain by a hornet (6 damage)
             ... on level 4 of the Dungeon.
             The game lasted 00:11:48 (5264 turns).

Deca the Skirmisher (Palentonga Fighter)            Turns: 5264, Time: 00:11:48

Health: -1/58      AC: 12    Str: 21    XL:     7   Next: 26%
Magic:  7/7        EV:  7    Int:  8    God:    Zin [*.....]
Gold:   134        SH:  4    Dex: 10    Spells: 4/6 levels left

rFire   . . .      SeeInvis +   a - +0 long sword
rCold   . . .      Faith    .   c - +0 buckler
rNeg    . . .      Spirit   .   b - +0 scale mail
rPois   .          Reflect  .   y - +0 helmet
rElec   .          Harm     .   x - +0 cloak
rCorr   .          Rampage  .   (no gloves)
Will    .....                   (no barding)
Stlth   ..........              (no amulet)
HPRegen 0.19/turn               (no ring)
MPRegen 0.10/turn               (no ring)

@: corroded, slowed, curled up, very slow
A: large, rugged brown scales 3, see invisible, deformed body, roll 1, armoured
tail, reflexive curl
a: Rolling Charge, Renounce Religion, Recite, Donate Gold


You were on level 4 of the Dungeon.
You worshipped Zin.
Zin was aware of your devotion.
You visited 1 branch of the dungeon, and saw 4 of its levels.
You also visited: Sewer.

You collected 148 gold pieces.
You donated 14 gold pieces to Zin.

Inventory:

Hand Weapons
 a - a +0 long sword (weapon)
Armour
 b - a +0 scale mail (worn)
 c - a +0 buckler (worn)
 x - a +0 cloak (worn)
 y - a +0 helmet (worn)
Jewellery
 e - an amulet of the acrobat
 w - a ring of flight
Scrolls
 i - a scroll of immolation {unknown}
 k - 6 scrolls of identify {unknown}
 l - a scroll of acquirement {unknown}
 p - 2 scrolls of holy word {unknown}
 q - a scroll of noise {unknown}
 t - a scroll of vulnerability {unknown}
 u - a scroll of enchant armour {unknown}
 v - 3 scrolls of teleportation {unknown}
Potions
 d - 3 potions of curing {unknown}
 g - 2 potions of heal wounds {unknown}
 h - a potion of flight {unknown}
 j - a potion of might
 m - a potion of lignification {unknown}
 n - a potion of haste
 o - a potion of attraction {unknown}
 r - 2 potions of ambrosia {unknown}
 s - 2 potions of degeneration {unknown}


   Skills:
 + Level 4.9 Fighting
 + Level 4.3 Long Blades
 + Level 4.0 Armour
 + Level 4.1 Shields


You had 4 spell levels left.
You knew the following spells:

 Your Spells              Type           Power      Damage    Failure   Level
a - Blink                 Tloc           0%         N/A       91%         2

Your spell library contained the following spells:

 Spells                   Type           Power      Damage    Failure   Level
 Lesser Beckoning         Tloc           0%         N/A       99%         3
 Manifold Assault         Tloc           0%         N/A       100%        5


Dungeon Overview and Level Annotations

Branches:
Dungeon (4/15)              Sewer (visited)
 Temple: D:4-7

Altars:
Okawaru
Zin


Innate Abilities, Weirdness & Mutations

You are completely covered in rugged brown scales. (AC +3, +7% HP)
You have supernaturally acute eyesight. (SInv)
Armour fits poorly on your strangely shaped body.
You can roll at nearby foes to attack.
You have a long armoured tail.
You curl defensively after being hit. (AC +7*)


Message History

You are too injured to fight recklessly!
You are too injured to fight recklessly!
You are too injured to fight recklessly!
You are too injured to fight recklessly!
You are too injured to fight recklessly!
You are too injured to fight recklessly!
You are too injured to fight recklessly!
You closely miss the hornet. You tail-slap the hornet.
The hornet is lightly wounded.
You feel yourself speed up. You block the hornet's attack.
The hornet stings you but does no damage.
You closely miss the hornet.
The hornet is lightly wounded.
The hornet stings you.
You feel yourself slow down.
The hornet stings you but does no damage.
You hit the hornet.
The hornet is moderately wounded.
The hornet stings you.
You feel as though you will be slow longer.
The hornet stings you but does no damage. x2
You hit the hornet.
The hornet is heavily wounded.
The hornet barely misses you. The hornet stings you!
* * * LOW HITPOINT WARNING * * *
You feel as though you will be slow longer.
The hornet stings you.
* * * LOW HITPOINT WARNING * * *
You feel as though you will be slow longer.
You hit the hornet.
The hornet is heavily wounded.
The hornet stings you but does no damage.
The hornet stings you.
* * * LOW HITPOINT WARNING * * *
You feel as though you will be slow longer.
You closely miss the hornet.
You tail-slap the hornet, but do no damage.
The hornet is heavily wounded.
The hornet stings you.
You die...

##.# #..## ##.# #.##.# ....
#####...# #..# #.##.#
....##......## ##.## #.##.#
###.##.####.## ##..## #....#
#.##.# #..# #....# #..###
###.##.# #.### ##...# #..#
.....#.# #.##.# ##...####..#
.....#.####..#..##..........#
............###y@##..^#####.#
.....#####..##.#.##...# #.#
.....######..##.##....# #.#
###...........#.#..########.#
####.######....#............#
.....# ##...#..#.#########
####.# ###.#..#.# #.#
#..#..#.# ##.# #.###.#.#


You could see a hornet.

Vanquished Creatures
  Pargi (D:4)
  2 ogres (D:4)
  A hound (D:2)
  2 jellies (D:4)
  Robin (D:2)
  11 adders
  4 gnolls (D:2)
  4 river rats
  5 worms
  An orc (D:3)
  6 bats
  7 endoplasms
  2 giant cockroaches
  11 goblins
  8 hobgoblins
  7 jackals
  4 quokkas
  10 ball pythons
  8 frilled lizards
  5 kobolds
  9 rats
109 creatures vanquished.

Notes
Turn   | Place    | Note
-------+----------+-------------------------------------------
     0 | D:1      | Deca the Palentonga Fighter began the quest for the Orb.
     0 | D:1      | Reached XP level 1. HP: 19/19 MP: 1/1
   362 | D:1      | Reached XP level 2. HP: 22/25 MP: 2/2
   927 | D:1      | Found a faded altar of an unknown god.
  1127 | D:2      | Reached XP level 3. HP: 26/31 MP: 3/3
  1201 | D:2      | Reached XP level 4. HP: 7/37 MP: 4/4
  2033 | D:2      | Noticed Robin
  2063 | D:2      | Reached XP level 5. HP: 15/44 MP: 5/5
  2083 | D:2      | HP: 1/44 [Robin (5)]
  2086 | D:2      | Killed Robin
  3148 | D:3      | Found a glowing drain.
  3172 | Sewer    | Entered a sewer
  3490 | Sewer    | Reached XP level 6. HP: 44/51 MP: 6/6
  3774 | D:3      | Found a glowing silver altar of Zin.
  3799 | D:3      | Became a worshipper of Zin the Law-Giver
  3803 | D:3      | Learned a level 2 spell: Blink
  3869 | D:3      | Reached * piety under Zin
  4428 | D:4      | Noticed Pargi
  4439 | D:4      | Killed Pargi
  4440 | D:4      | Gained mutation: You curl defensively after being hit. (AC
                  | +7*) [Palentonga growth]
  4440 | D:4      | Reached XP level 7. HP: 35/58 MP: 7/7
  4703 | D:4      | Found an iron altar of Okawaru.
  5257 | D:4      | Noticed a hornet
  5264 | D:4      | Slain by a hornet

Illustrated notes

Levels and vault maps discovered:
D:1:      lemuel_arrival_cross, layout_basic,
          hellmonk_ecumenical_altar_leap_of_faith
D:2:      layout_basic, guppyfry_early_lair_pool, uniq_robin
D:3:      layout_loops_corners, mainiacjoe_overflow_cross_hatched,
          lightli_sewer_entry_pipes
D:4:      layout_loops_ring, mainiacjoe_overflow_brackets,
          minmay_manual_macuahuitl, uniq_pargi

Skill      XL: |  1  2  3  4  5  6  7 |
---------------+----------------------+-----
Shields        | 3 4 |  4.1
Armour         | 3 4 |  4.0
Long Blades    | 3 4 |  4.3
Fighting       | 4 |  4.9

Action                   |  1- 3 |  4- 6 |  7- 9 || total
-------------------------+-------+-------+-------++-------
Melee: Long sword        |    62 |   235 |    34 ||   331
       Tailslap          |    11 |    24 |     4 ||    39
  Use: Potion            |     1 |       |       ||     1
Armor: Scale mail        |    34 |   186 |    12 ||   232
Dodge: Dodged            |    16 |   122 |     5 ||   143
Block: Buckler           |    13 |    57 |     6 ||    76
